 Dungeon Crawl Stone Soup version 0.32-a0-128-g77eb882913 (console) character file.

Game seed: 14284312895055706743

7 petzl the Sneak (level 2, -8/24 HPs)
             Began as a Formicid Delver on Feb 7, 2024.
             Mangled by an iguana (11 damage)
             ... on level 4 of the Dungeon.
             The game lasted 00:01:53 (133 turns).

petzl the Sneak (Formicid Delver)                    Turns: 133, Time: 00:01:55

Health: -8/24      AC:  3    Str: 16    XL:     2   Next: 5%
Magic:  2/4        EV: 12    Int:  9    God:
Gold:   0          SH:  0    Dex: 15    Spells: 4/4 levels left

rFire   . . .        a - +0 mace
rCold   . . .        (no shield)
rNeg    . . .        b - +0 leather armour
rPois   .            (helmet unavailable)
rElec   .            (no cloak)
rCorr   .            (no gloves)
SInv    +            (no boots)
Will    .....        (no amulet)
Stlth   +++          (no ring)
HPRegen 0.24/turn    (no ring)
MPRegen 0.09/turn

%: no passive effects
@: no status effects
A: permanent stasis, dig shafts and tunnels, antennae 3, four strong arms
a: Dig, Shaft Self


You were on level 4 of the Dungeon.
You visited 1 branch of the dungeon, and saw 2 of its levels.

Inventory:

Hand Weapons
 a - a +0 mace (weapon)
Armour
 b - a +0 leather armour (worn)
Wands
 f - a wand of digging (3)
Scrolls
 c - a scroll of fog
 d - a scroll of revelation


   Skills:
 - Level 3.2 Fighting
 - Level 2.0 Maces & Flails
 - Level 1.7 Dodging
 - Level 6.0 Stealth
 + Level 1.5 Spellcasting


You had 4 spell levels left.
You didn't know any spells.
Your spell library contained the following spells:

 Spells                   Type           Power      Damage    Failure   Level
 Arcjolt                  Conj/Air       0%         1d10      100%        5
 Maxwell's Capacitive Co  Air            0%         ∞         100%        8
 Vhi's Electric Charge    Tloc/Air       Unusable   N/A       N/A         4

Dungeon Overview and Level Annotations

Branches:
Dungeon (5/15)
 Temple: D:4-7

Altars:


Innate Abilities, Weirdness & Mutations

You cannot be hasted, slowed, berserked, paralysed or teleported.
You can dig through walls and to a lower floor.
You have a pair of large antennae on your head. (SInv)
Your four strong arms can wield two-handed weapons with a shield.


Message History

You kill the goblin!
The endoplasm freezes you.
You are frozen.
Your Spellcasting skill increases to level 1!
You sock the endoplasm!
You kill the endoplasm!
The quokka enters a dispersal trap!
You feel a strange sense of stasis.
The quokka blinks!
The jelly enters a dispersal trap!
The quokka blinks!
You feel a strange sense of stasis.
The jelly blinks!
An iguana comes into view.
A hobgoblin comes into view.
The hobgoblin shouts!
The iguana hisses angrily.
You hit the quokka.
The quokka is almost dead.
You hear an angry hiss. x2
The quokka barely misses you.
The quokka bites you but does no damage.
The jelly enters a dispersal trap!
The quokka blinks!
The iguana blinks!
The hobgoblin blinks!
The iguana blinks!
The hobgoblin blinks!
You feel a strange sense of stasis.
The jelly blinks!
You closely miss the quokka.
The quokka is almost dead.
A goblin comes into view. It is wielding a +0 dagger.
The quokka closely misses you. x2
You closely miss the quokka.
The quokka is almost dead.
The quokka bites you but does no damage.
An orc comes into view. It is wielding a +0 mace.
You hit the quokka.
You kill the quokka!
You have reached level 2!
The goblin shouts!
You hit the iguana.
The iguana is lightly wounded.
The iguana hisses menacingly.
The iguana bites you!
Ouch! That really hurt!
* * * LOW HITPOINT WARNING * * *
The iguana bites you!
You die...

###### #########
#....# #.......#
#....# #>......#
#....#
#.......####....#
#.......J.......#
############....#
##....# #.....#
##.....#
##..#####
##J.#....r.
#######.{##.....!
#..l..{..........
..###..####......
#...## ......
#.### ...... #^#
## #@# #l# ,gJ#
#go., ,...# #####


You could see an iguana, a jelly, an orc, a hobgoblin and a goblin.

Vanquished Creatures
  An endoplasm (D:4)
  A goblin (D:4)
  2 hobgoblins
  A quokka (D:4)
5 creatures vanquished.

Notes
Turn   | Place    | Note
-------+----------+-------------------------------------------
     0 | D:5      | petzl the Formicid Delver began the quest for the Orb.
     0 | D:5      | Reached XP level 1. HP: 18/18 MP: 1/1
    61 | D:4      | Noticed a jelly
   109 | D:4      | Noticed an iguana
   113 | D:4      | Noticed an iguana
   124 | D:4      | Reached skill level 1 in Spellcasting
   127 | D:4      | Noticed an iguana
   133 | D:4      | Reached XP level 2. HP: 15/24 MP: 2/4
   133 | D:4      | Mangled by an iguana

Illustrated notes

Levels and vault maps discovered:
D:4:      layout_rooms, uniq_sigmund
D:5:      layout_layer_cave, minmay_temple_entry_tees

Skill      XL: |  1 |
---------------+----+-----
Spellcasting   | 1 |  1.5
Fighting       | |  3.2
Maces & Flails | |  2.0
Dodging        | |  1.7
Stealth        | |  6.0

Action                     || total
---------------------------++-------
  Melee: Mace              ||    17
    Use: Scroll            ||     1
 Armour: Leather armour    ||    11
  Dodge: Dodged            ||    14

Table legend: (Time is in decaauts)
 A = Elapsed time spent in this place.
 B = Non-inter-level travel time spent in this place.
 C = Inter-level travel time spent in this place.
 D = Time resting spent in this place.
 E = Time spent auto-exploring this place.
 F = Levels seen in this place.
 G = Mean time per level.
                   A        B        C        D        E       F      G
               +--------+--------+--------+--------+--------+-----+--------+
         Total |    138 |    138 |      0 |     13 |     40 |   2 |   69.0 |
       Dungeon |    138 |    138 |      0 |     13 |     40 |   2 |   69.0 |
               +--------+--------+--------+--------+--------+-----+--------+

Top non-repeatable levels by time:
     D:5: 71 daAuts
     D:4: 67 daAuts
